 Dungeon Crawl Stone Soup version 0.14-a0-3315-g09e681a (webtiles) character file.

109 Psiweapon the Grasshopper (level 3, -21/32 HPs)
             Began as a Naga Warper on Mar 15, 2014.
             Engulfed by a cloud of flame (22 damage)
             ... on Level 2 of the Dungeon.
             The game lasted 00:09:15 (1934 turns).

Psiweapon the Grasshopper (Naga Warper)             Turns: 1934, Time: 00:09:15

HP -21/32        AC  3     Str 14      XL: 3   Next: 75%
MP   0/6         EV  9     Int 13      God:
Gold 60          SH  0     Dex 10      Spells:  2 memorised,  3 levels left

rFire  . . .     SeeInvis +     a - +0 spear
rCold  . . .     Clarity  .     b - +0 leather armour
rNeg   . . .     Conserve .     (no shield)
rPois  +         rCorr    .     (no helmet)
rElec  .         rRot     .     (no cloak)
SustAb . .       Spirit   .     i - +0 pair of gloves
rMut   .         Warding  .     (no barding)
Saprov . . .     Stasis   .     p - amulet of rage
MR     .....                    (no ring)
                                k - ring of sustenance

@: short of breath, very slow, not resistant to hostile enchantments, very
unstealthy
A: spit poison, see invisible, deformed body, poison resistance, slowness 2, AC
+1
a: Spit Poison, Evoke Berserk Rage


You were on level 2 of the Dungeon.
You were not hungry.

You visited 1 branch of the dungeon, and saw 2 of its levels.

You collected 60 gold pieces.

Inventory:

Hand weapons
 a - a +0,+0 spear (weapon)
 l - a +1,+1 dagger
Missiles
 e - 11 darts (quivered)
 f - 10 darts of dispersal
 h - 54 bolts
 w - 19 silver darts
 x - 13 poisoned needles
Armour
 b - a +0 leather armour (worn)
 i - a +0 pair of gloves (worn)
Comestibles
 g - 2 bread rations
 s - a rotting chunk of giant cockroach flesh
 B - a choko
Scrolls
 d - a scroll of blinking
 m - 5 scrolls of remove curse {unknown}
 q - a scroll of identify {unknown}
 r - 2 scrolls of enchant weapon I {unknown}
 v - a scroll of enchant armour {unknown}
Jewellery
 k - a ring of sustenance (left hand)
 p - an amulet of rage (around neck)
Potions
 j - 4 potions of curing {unknown}
 n - a potion of heal wounds {unknown}
 o - a potion of agility {unknown}
 t - a potion of resistance {unknown}
 u - a potion of mutation {unknown}
 A - a potion of might {unknown}
Books
 c - a book of Spatial Translocations

   Spells                             Type                      Level
   *Apportation                       Translocation                1
   *Blink                             Translocation                2
   Shroud of Golubria                 Charms/Translocation         2
   Portal Projectile                  Translocation                3
   Teleport Other                     Translocation                3
   Passage of Golubria                Translocation                4


   Skills:
 - Level 2.0 Fighting
 + Level 3.1 Polearms
 - Level 0.8 Throwing
 - Level 0.7 Armour
 - Level 1.5 Dodging
 - Level 2.0 Spellcasting
 + Level 3.9 Translocations


You had 3 spell levels left.
You knew the following spells:

 Your Spells              Type           Power        Failure   Level  Hunger
a - Apportation           Tloc           ##........   8%          1    ##.....
b - Blink                 Tloc           N/A          10%         2    ###....


Dungeon Overview and Level Annotations

Branches:
Dungeon (2/15)

Altars:
Vehumet


Innate Abilities, Weirdness & Mutations

You cannot wear boots.
You can spit poison.
Your serpentine skin is tough (AC +1).
You have supernaturally acute eyesight.
Armour fits poorly on your strangely shaped body.
Your system is resistant to poisons.
You cover ground very slowly.


Message History

Casting: Blink
Confirm with . or Enter, or press ? or * to list all spells.
You blink.
You are engulfed in roaring flames.
Ouch! That really hurt!
* * * LOW HITPOINT WARNING * * *
Casting: Blink
Confirm with . or Enter, or press ? or * to list all spells.
You blink.
Throwing (i - inventory. (,) - cycle):
e - 11 darts (quivered)
Press: ? - help, Shift-Dir - straight line, f/p - adder
Aim: an adder
Okay, then.
Use which ability? (? or * to list)
Press: ? - help, Shift-Dir - straight line, f/p - adder
Aim: an adder The splash of poison misses the adder.
You feel slightly more hungry.
You are engulfed in roaring flames.
One of your 6 scrolls labeled VECIAT EMPAU catches fire!
Ouch! That really hurt!
You die...

#.#.##.###.# #.#....#
#.#.##.# #.# #.###..#
#.#.##.# #.# #.# #..#
##.#....###.####.###..#
..>%..)...............#
#...........####S######
############# #.##### #
#.§...# # ###@§.§.# #
#.......§_§.# #
#.#####.§.§§# # #.....#
# ####### # .. #


You could see an adder.

Vanquished Creatures
  An adder (D:2)
  A giant gecko (D:2)
  4 giant cockroaches
  8 goblins
  5 hobgoblins
  6 kobolds
  3 bats
  7 giant newts
  5 rats
40 creatures vanquished.

Vanquished Creatures (others)
  A hobgoblin (D:2)
  A kobold (D:2)
2 creatures vanquished.

Grand Total: 42 creatures vanquished

Notes
Turn   | Place    | Note
--------------------------------------------------------------
     0 | D:1      | Psiweapon, the Naga Warper, began the quest for the Orb.
     0 | D:1      | Reached XP level 1. HP: 19/19 MP: 3/3
   327 | D:1      | Reached XP level 2. HP: 8/26 MP: 4/4
   561 | D:1      | Learned a level 2 spell: Blink
  1205 | D:2      | Reached XP level 3. HP: 28/32 MP: 6/6
  1922 | D:2      | Found a radiant altar of Vehumet.
  1932 | D:2      | HP: 1/32 [cloud of flame (20)]
  1934 | D:2      | Engulfed by a cloud of flame

Action                   || total
-------------------------++-------
Melee: Spear             ||    90
Throw: Dart              ||    22
 Cast: Blink             ||     5
 Abil: Spit Poison       ||    27
